Unix NetHack Version 5.0.0-0 post-release - last build Jun 10 2026 00:39:30 (3ee93aec679c4c4259841fe613dc97188e26a321,branch:main).

Game began 2026-07-07 14:02:49, ended 2026-07-07 14:12:40.

DaveT, lawful male human Priest

                                    -----      -------
                                    +...|      |....>|       ------------
                                    |...|      |.....|       |..........|
                                    |_..|      |......###    |..........|
                                    .'@.|      |.....|  #    |..........|
                                    --.--######......- ##### |..........|
                                      ######   -------  #### ----------.-
                                                           ####       ##
                                                              #       #
                                                              #      ##
                                                              ##     #
                                           .                   ###   #
                                           .                     #   #  #
                                           .                     ##--|--.-
                                           .                      #|.....|
                                           .                      #....<.|
                                          ---                      |.....|
                                                                   |.....|
                                                                   -------

DaveT the Acolyte            St:14 Dx:13 Co:8 In:10 Wi:18 Ch:13  Lawful
Dlvl:7  $:119 HP:0(36) Pw:50(50) AC:5  Xp:5 T:2496 

Latest messages:
 You see here a yellowish brown gem.
 D - a yellowish brown gem.
 You see no objects here.
 There is an altar to Kos (chaotic) here.
 You miss the gold golem.
 The gold golem hits!
 The gold golem hits again!
 You miss the gold golem.
 You miss the gold golem.
 The gold golem hits!
 The gold golem hits again!
 You hit the gold golem.
 The gold golem hits!
 The gold golem hits again!
 You miss the gold golem.
 You hit the gold golem!
 You hit the gold golem!
 The gold golem hits!
 The gold golem hits again!
 Are you sure you want to pray? [yn] (n) y
 You begin praying to Issek.
 You are surrounded by a shimmering light.
 The gold golem starts to attack you, but pulls back.
 You finish your prayer.
 You feel that Issek is well-pleased.
 You feel much better.
 You hit the gold golem!
 The gold golem hits!
 The gold golem hits again!
 You hit the gold golem!
 You miss the gold golem.
 The gold golem hits!
 The gold golem hits again!
 You miss the gold golem.
 You feel strong!
 You must have been exercising diligently.
 You miss the gold golem.
 The gold golem hits!
 The gold golem hits again!
 The gecko bites!
 You kill the gecko!
 The gold golem hits!
 The gold golem hits again!
 You feel more confident in your weapon skills.
 (Tip: use the #enhance command to advance them.)
 You hit the gold golem!
 The gold golem hits!
 You die...
 Do you want your possessions identified? [ynq] (y) y
 Do you want to see your attributes? [ynq] (y) q

Inventory:
 Coins    ('$')
  $ - 119 gold pieces
 Amulets  ('"')
  u - an amulet of reflection (being worn)
 Weapons  (')')
  v - a blessed +0 arrow
  y - 6 +0 arrows
  B - 10 +0 darts
  a - a blessed +2 mace (weapon in right hand)
 Armor    ('[')
  z - a +0 orcish helm (being worn)
  r - a cursed -2 orcish helm
  w - a +0 pair of jumping boots (being worn)
  c - a +0 small shield (being worn)
  b - a blessed +0 robe (being worn)
 Comestibles  ('%')
  e - a clove of garlic
  s - a lembas wafer
  f - a sprig of wolfsbane
 Scrolls  ('?')
  i - a cursed scroll of create monster
  t - a scroll of remove curse
 Spellbooks  ('+')
  h - a spellbook of clairvoyance
  g - a spellbook of light
 Potions  ('!')
  d - 4 potions of holy water
 Tools    ('(')
  k - an empty sack
  o - a tin whistle
 Gems/Stones  ('*')
  n - an agate stone
  A - a worthless piece of red glass
  D - a worthless piece of yellowish brown glass

DaveT the Priest's attributes:

Background:
 You were an Acolyte, a level 5 human Priest.
 You were lawful, on a mission for Issek
 who was opposed by Mog (neutral) and Kos (chaotic).
 You were right-handed.
 You were in the Dungeons of Doom, on level 7.
 You entered the dungeon 2496 turns ago.
 You had 198 experience points, 122 more were needed to attain level 6.

Basics:
 You had 0 out of 36 hit points.
 You had all 50 energy points (spell power).
 Your armor class was 5.
 Your wallet contained 119 zorkmids.
 Autopickup was off.

Final Characteristics:
 Your strength was 14 (limit:18/100).
 Your dexterity was 13 (peak:14, limit:18).
 Your constitution was 8 (limit:18).
 Your intelligence was 10 (limit:18).
 Your wisdom was 18 (limit:18).
 Your charisma was 13 (limit:18).

Final Status:
 You weren't hungry.
 You were unencumbered.
 You were wielding a mace.
 You had basic skill with mace and could have enhanced that.

Final Attributes:
 You were piously aligned.
 You could jump.
 You were guarded.
 Your spell casting was enhanced by wearing a robe.
 You had reflection.
 You are dead.

Miscellaneous:
 You didn't encounter any bones levels.
 Total elapsed playing time was 9 minutes and 50 seconds.

Major events:
 Turn
    1: DaveT the lawful human Priest entered the dungeon
  840: attained the rank of Acolyte (level 3)
 1128: entered the Gnomish Mines
 2496: killed by a gold golem

Spells:
 Name                 Level Category     Fail Retention
 light                  1   clerical       0%   81%-90%
 clairvoyance           3   divination    81%  76%-100%

Skills:
 Fighting Skills
   bare handed combat [Unskilled]
 Weapon Skills
   club               [Unskilled]
   mace               [Basic]
   morning star       [Unskilled]
   flail              [Unskilled]
   hammer             [Unskilled]
   quarterstaff       [Unskilled]
   polearms           [Unskilled]
   spear              [Unskilled]
   trident            [Unskilled]
   lance              [Unskilled]
   bow                [Unskilled]
   sling              [Unskilled]
   crossbow           [Unskilled]
   dart               [Unskilled]
   shuriken           [Unskilled]
   boomerang          [Unskilled]
   unicorn horn       [Unskilled]
 Spellcasting Skills
   healing spells     [Unskilled]
   divination spells  [Unskilled]
   clerical spells    [Basic]

Voluntary challenges:
 Character rerolling was not enabled.
 You never genocided any monsters.
 You never polymorphed an object.
 You never changed form.
 You used no wishes.
Achievements:
 You attained the rank of Acolyte.
 You entered the Gnomish Mines.
 You entered a shop.

 The Dungeons of Doom: levels 1 to 8
    Level 1:
    Level 2:
    Level 3:
       Many fountains, a sink, many trees.
       Stairs down to The Gnomish Mines.
    Level 4: "vault"
    Level 5:
       Some shops.
    Level 6:
    Level 7: <- You were here.
       An altar.
       Final resting place for
          you, killed by a gold golem.
    Level 8:
 The Gnomish Mines:
    Level 4:


Vanquished creatures:
  a small mimic
  a dog
  a gnome leader
  a giant ant
  a floating eye
  a kitten
 an iguana
 an acid blob
  a gas spore
  a large kobold
  a hobgoblin
  a gnome
  2 geckos
  8 jackals
  4 foxes
  2 goblins
  5 grid bugs
  a bat
  5 lichens
  2 newts
41 creatures vanquished.

No species were genocided or became extinct.

Game over:
                       ----------
                      /          \
                     /    REST    \
                    /      IN      \
                   /     PEACE      \
                  /                  \
                  |      DaveT       |
                  |      119 Au      |
                  | killed by a gold |
                  |      golem       |
                  |                  |
                  |                  |
                  |       2026       |
                 *|     *  *  *      | *
        _________)/\\_//(\/(/\)/\//\/|_)_______

Goodbye DaveT the Priest...

You died in The Dungeons of Doom on dungeon level 7 with 1290 points,
and 119 pieces of gold, after 2496 moves.
You were level 5 with a maximum of 36 hit points when you died.

